 Dungeon Crawl Stone Soup version 0.22-a0-603-gfc1114d (console) character file.

6 Goblin1989 the Ducker (level 1, 0/10 HPs)
             Began as a Felid Chaos Knight on July 7, 2018.
             Slain by a jackal (2 damage)
             ... on level 1 of the Dungeon.
             The game lasted 00:00:28 (113 turns).

Goblin1989 the Ducker (Felid Chaos Knight)           Turns: 113, Time: 00:00:29

Health: 0/10       AC:  1    Str:  8    XL:     1   Next: 75%
Magic:  2/2        EV: 18    Int: 13    God:    Xom [..*...]
Gold:   12         SH:  0    Dex: 15    Spells: 0/0 levels left
                                        Lives:  0   Deaths: 0

rFire    . . .     SeeInvis +     - Unarmed
rCold    . . .     Gourm    .   (shield unavailable)
rNeg     . . .     Faith    .   (armour unavailable)
rPois    .         Spirit   .   (helmet unavailable)
rElec    .         Reflect  .   (cloak unavailable)
rCorr    .         Harm     .   (gloves unavailable)
MR       .....                  (boots unavailable)
Stlth    ++........             (no amulet)
HPRegen  0.03/turn              (no ring)
MPRegen  0.08/turn              (no ring)

@: quick
A: very small, no armour, no weapons or thrown items, stealth, claws 1, fangs 3,
see invisible, carnivore, speed 1, shaggy fur 1, slow metabolism 1, sharp paws
a: Renounce Religion


You were on level 1 of the Dungeon.
You worshipped Xom.
You were a toy of Xom.
You were not hungry.

You visited 1 branch of the dungeon, and saw 1 of its levels.

You collected 12 gold pieces.

Inventory:

Scrolls
 f - a scroll of identify {unknown}
Potions
 g - a potion of berserk rage {unknown}
Comestibles
 e - 2 rations


   Skills:
 + Level 3.0 Fighting
 + Level 3.3 Dodging
 + Level 0.7 Stealth
 * Level 3.1 Unarmed Combat


You couldn't memorise any spells.
You didn't know any spells.
Your spell library was empty.

Dungeon Overview and Level Annotations

Branches:
Dungeon (1/15)

Altars:


Innate Abilities, Weirdness & Mutations

You cannot wear armour.
You are incapable of wielding weapons or throwing items.
Your paws allow you to move quietly. (Stealth)
You have sharp claws.
You have razor-sharp teeth.
You have supernaturally acute eyesight. (SInv)
You are carnivorous and can eat meat at any time.
You cover ground quickly.
You are covered in fur. (AC +1)
You have a slow metabolism.
Your sharp claws are effective at attacking unaware monsters.


Message History

Found a staircase leading out of the dungeon.
f - a scroll labeled TEYMPE LOKHLOPPU
e - 2 rations (gained 1)
Found an escape hatch in the floor.
No target in view!
No target in view!
You now have 12 gold pieces.
A frilled lizard comes into view.
The frilled lizard hisses angrily.
A frilled lizard is nearby!
There is an escape hatch in the floor here.
You see here a dark potion.
The frilled lizard unfolds its giant frill.
You scratch the frilled lizard.
You kill the frilled lizard!
No target in view!
No target in view!
No target in view!
g - a dark potion You butcher the frilled lizard corpse.
h - a chunk of flesh Eating a chunk of flesh.
You eat the chunk of flesh.
This raw flesh tastes great.
A jackal comes into view.
Unknown command.
A jackal comes into view.
The jackal barks! x2; You hear a bark!
You scratch the jackal.
The jackal is almost dead.
The jackal barely misses you.
A jackal comes into view.
The jackal misses you.
You scratch the jackal.
You kill the jackal!
You closely miss the jackal. The jackal closely misses you.
You scratch the jackal. Your claw misses the jackal.
The jackal is heavily wounded.
The jackal bites you.
* * * LOW HITPOINT WARNING * * *
The jackal barely misses you.
You are too injured to fight recklessly!
You take 3 damage, and have 7/10 hp.
MASSIVE DAMAGE!!
You are too injured to fight recklessly!
You are too injured to fight recklessly!
You are too injured to fight recklessly!
You are too injured to fight recklessly!
You are too injured to fight recklessly!
You are too injured to fight recklessly!
You are too injured to fight recklessly!
You are too injured to fight recklessly!
You are too injured to fight recklessly!
You are too injured to fight recklessly!
You are too injured to fight recklessly!
Unknown command.
You barely miss the jackal.
The jackal is heavily wounded.
The jackal closely misses you.
You scratch the jackal but do no damage.
The jackal is heavily wounded.
The jackal bites you.
* * * LOW HITPOINT WARNING * * *
You take 2 damage, and have 5/10 hp.
You claw the jackal!
You kill the jackal!
You barely miss the jackal. The jackal misses you. The jackal bites you.
* * * LOW HITPOINT WARNING * * *
You take 2 damage, and have 3/10 hp.
You claw the jackal!
You kill the jackal!
Things that are here:
a jackal corpse x2 2 jackals come into view.
A jackal comes into view.
Things that are here:
a jackal corpse x2
The jackal misses you.
The jackal barks! x2
You scratch the jackal but do no damage.
Your bite misses the jackal.
The jackal bites you but does no damage.
You scratch the jackal. Your bite misses the jackal.
The jackal is severely wounded.
The jackal closely misses you.
You barely miss the jackal.
The jackal is severely wounded.
The jackal bites you.
* * * LOW HITPOINT WARNING * * *
The jackal closely misses you.
You take 1 damage, and have 2/10 hp.
You scratch the jackal but do no damage.
The jackal is severely wounded.
The jackal misses you.
You closely miss the jackal.
The jackal is severely wounded.
The jackal barely misses you.
You scratch the jackal.
You kill the jackal!
You scratch the jackal.
The jackal is moderately wounded.
The jackal misses you. The jackal bites you.
You die...

█.█ .. █████.█
█h
█...█.████████
█h
█.............
█h
█...█..███████
███. ██.███.█
..) █.█ █.█
█..███.██████.█
█.█
█......hh@....█
█.█
█.███...███████
█.█ █.... ..█
█...██


█████ You could see 2 jackals.

Vanquished Creatures
  4 jackals (D:1)
  A frilled lizard (D:1)
5 creatures vanquished.

Notes
Turn   | Place    | Note
-------+----------+-------------------------------------------
     0 | D:1      | Goblin1989 the Felid Chaos Knight began the quest for the Orb.
     0 | D:1      | Reached XP level 1. HP: 10/10 MP: 2/2
   113 | D:1      | Slain by a jackal

Vault maps used:
D:1:      dpeg_arrival_snail

Action                   || total
-------------------------++-------
Melee: Unarmed           ||    17
  Eat: Chunk             ||     1
Armor: Skin              ||     1
Dodge: Dodged            ||    12

Table legend:
 A = Spawn XP
 B = Non-spawn XP
 C = Spawn XP percentage of total XP
 D = Spawn monster count
 E = Non-spawn monster count
 F = Spawn count percentage of total count
 G = Total turns spent on level
                    A         B        C        D         E        F      G
               +---------+---------+-------+---------+---------+-------+---------
         Total |       0 |       9 |   0.0 |       0 |       5 |   0.0 |   113
               +---------+---------+-------+---------+---------+-------+---------
           D:1 |       0 |       9 |   0.0 |       0 |       5 |   0.0 |   113
               +---------+---------+-------+---------+---------+-------+---------

Vault maps used:
D:1:      dpeg_arrival_snail
